 Dungeon Crawl Stone Soup version 0.17-a0-2014-g32cd421 (webtiles) character file.

10749 brucemayne the Severer (level 11, -14/142 HPs)
             Began as a Hill Orc Berserker on Oct 9, 2015.
             Was an Elder of Trog.
             Demolished by an orc warrior
             ... wielding a +0 glaive
              (20 damage)
             ... on level 2 of the Orcish Mines.
             The game lasted 00:19:39 (3988 turns).

brucemayne the Severer (Hill Orc Berserker)         Turns: 3988, Time: 00:19:39

Health: -14/142    AC: 15    Str: 29    XL:     11   Next: 67%
Magic:  11/11      EV:  8    Int:  7    God:    Trog [****..]
Gold:   551        SH:  0    Dex: 10    Spells: 0 memorised, 10 levels left

rFire  . . .     SeeInvis .     y - +0 battleaxe (curse)
rCold  + . .     Clarity  .     r - +0 plate armour
rNeg   . . .     SustAt   .     (no shield)
rPois  .         Gourm    .     K - +1 hat
rElec  .         Spirit   .     (no cloak)
rCorr  .         Warding  .     (no gloves)
rMut   .         Stasis   .     f - +0 pair of boots
MR     ++...                    (no amulet)
Stlth  ..........               (no ring)
                                u - ring of protection from cold

@: berserking, regenerating, very quick, very resistant to hostile enchantments,
extremely unstealthy
A: no striking features
a: Burn Spellbooks, Berserk, Trog's Hand, Brothers in Arms, Renounce Religion,
Convert to Beogh


You were on level 2 of the Orcish Mines.
You worshipped Trog.
Trog was greatly pleased with you.
You were not hungry.

You visited 3 branches of the dungeon, and saw 16 of its levels.
You also visited: Sewer.

You collected 663 gold pieces.
You spent 112 gold pieces at shops.

Inventory:

Hand Weapons
 a - a +0 hand axe
 i - a +2 hand axe of flaming
 n - a +0 war axe
 y - a cursed +0 battleaxe (weapon)
 B - a cursed +2 morningstar of protection
 G - a +0 broad axe
Missiles
 w - 2 curare-tipped needles
Armour
 b - a +0 animal skin
 d - a +0 pair of boots
 f - a +0 pair of boots (worn)
 k - a +0 chain mail
 p - a +0 leather armour
 r - a +0 plate armour (worn)
 v - a troll hide
 K - a +1 hat (worn)
Magical Staves
 j - an uncursed staff of death {unknown}
Jewellery
 l - an uncursed ring of ice
 u - a ring of protection from cold (left hand)
Wands
 E - a wand of flame (41)
 F - a wand of fireball (5)
 H - a wand of digging (12)
Scrolls
 g - a scroll of silence {unknown}
 m - 3 scrolls of fog
 q - 3 scrolls of remove curse
 s - a scroll of blinking {unknown}
 x - a scroll of teleportation
 C - a scroll of magic mapping {unknown}
 I - a scroll of fear
Potions
 e - 2 potions of curing
 h - a potion of poison
 o - a potion of magic
 z - a potion of ambrosia {unknown}
 A - a potion of brilliance
 D - a potion of flight
 L - a potion of cancellation {unknown}
 M - a potion of lignification {unknown}
Miscellaneous
 J - a lamp of fire
Comestibles
 c - 2 bread rations
 t - 2 meat rations


   Skills:
 - Level 8.9 Fighting
 + Level 18.7 Axes
 - Level 7.6 Armour
 - Level 1.5 Dodging


You had 10 spell levels left.
You didn't know any spells.

Dungeon Overview and Level Annotations

Branches:
Dungeon (13/15)            Temple (1/1) D:4             Orc (2/4) D:12
   Lair: D:8-11      Vaults: D:13-14

Altars:
Ashenzari
Cheibriados
Dithmenos
Elyvilon
Fedhas
Gozag
Makhleb
Nemelex Xobeh
Okawaru
Qazlal
Zin
The Shining One
Beogh

Shops:
D:6 [   D:7 (   D:8 (   D:11 [   Orc:1 [

Portals:
Trove: D:11 (show slimy rune of Zot)

Annotations:
Orc:2 Josephine, Maurice


Message History

The orc is severely wounded.
You hit the orc warrior but do no damage.
The orc warrior is severely wounded.
You barely miss Josephine. The orc hits you but does no damage.
The orc hits you but does no damage.
Josephine says, "I'll make a rug of your skin."
Josephine hits you but does no damage.
You closely miss the orc knight.
The orc knight is moderately wounded.
You barely miss the wraith. You completely miss Josephine.
You closely miss the orc warrior.
The orc warrior is severely wounded.
You slice the orc!!
You kill the orc!
Trog accepts your kill. The orc knight hits you with a war axe!
* * * LOW HITPOINT WARNING * * *
The orc warrior closely misses you.
The orc warrior hits you from afar with a glaive!!
You die...

##.. #.........
#...##.........
#.............
#.......... .
##.$.........
..#.......#....
.....o)o†......
#..o>@oo.....
...#..W@o....$.
...............
##..........(..
#.......$....#.
...........$..#
..$............
#....#.#.......


You could see Josephine, an orc knight, a wraith, 2 orc warriors, an orc priest
(frenzied) and 2 orcs.

Vanquished Creatures
  Gastronok (Orc:1)
  Fannar (Orc:1)
  Erica (D:8)
  The ghost of brucemayne the Severer, a novice HOBe of Trog (D:11)
  An unseen horror (D:11)
  An orc sorcerer (Orc:1)
  A centaur zombie (D:13)
  2 trolls
  Sigmund (D:4)
  3 wyverns
  A deep elf mage (D:12)
  A hippogriff (D:12)
  A wraith (Orc:2)
  15 yaks
  A water moccasin (D:6)
  A black bear (D:8)
  A centaur (D:12)
  3 orc warriors
  3 ogres
  4 giant frogs
  4 wights (D:9)
  4 killer bees (D:10)
  A crimson imp (D:10)
  A quasit (D:10)
  7 orc priests
  4 orc wizards
  2 giant frog skeletons (D:10)
  2 hounds
  4 jellies
  An iguana (D:8)
  3 worker ants
  A hound zombie (D:7)
  6 gnolls
  3 river rats
  3 adders
  2 shadow imps
  4 giant geckos
  58 orcs
  5 bats (D:11)
  A giant cockroach (D:3)
  3 hobgoblins (D:1)
  3 ball pythons
  A giant gecko zombie (D:9)
  10 giant newts
  4 goblins
  A kobold (D:1)
  2 quokkas
  10 rats
  A fungus (D:1)
195 creatures vanquished.

Vanquished Creatures (others)
  An orc (Orc:2)
  A fungus (D:11)
2 creatures vanquished.

Grand Total: 197 creatures vanquished

Notes
Turn   | Place    | Note
--------------------------------------------------------------
     0 | D:1      | brucemayne the Hill Orc Berserker began the quest for the Orb.
     0 | D:1      | Reached XP level 1. HP: 19/19 MP: 1/1
   277 | D:1      | Reached XP level 2. HP: 21/26 MP: 2/2
   351 | D:3      | Found a glowing drain.
   361 | D:3      | Reached skill level 5 in Axes
   383 | Sewer    | Entered a sewer
   407 | Sewer    | Reached XP level 3. HP: 21/31 MP: 3/3
   470 | Sewer    | Acquired Trog's second power
   630 | D:3      | Reached skill level 6 in Axes
   750 | D:4      | Reached XP level 4. HP: 39/39 MP: 4/4
   757 | D:4      | Noticed Sigmund
   765 | D:4      | Killed Sigmund
   765 | D:4      | Reached skill level 8 in Axes
   765 | D:4      | Reached XP level 5. HP: 31/45 MP: 5/5
   765 | D:4      | Reached XP level 6. HP: 35/51 MP: 6/6
   864 | D:4      | Found a staircase to the Ecumenical Temple.
   873 | Temple   | Entered the Ecumenical Temple
  1009 | D:5      | Entered Level 5 of the Dungeon
  1017 | D:5      | Reached skill level 9 in Axes
  1127 | D:6      | Noticed a water moccasin
  1137 | D:6      | Killed a water moccasin
  1285 | D:6      | Found Cifoafau's Armour Boutique.
  1287 | D:6      | Reached skill level 10 in Axes
  1287 | D:6      | Reached XP level 7. HP: 49/57 MP: 7/7
  1378 | D:7      | Found Ymuuhiam's Antique Weapon Shoppe.
  1527 | D:7      | Bought a glowing broad axe for 112 gold pieces
  1601 | D:8      | Reached skill level 11 in Axes
  1710 | D:8      | Noticed a troll
  1722 | D:8      | Killed a troll
  1722 | D:8      | Reached skill level 12 in Axes
  1722 | D:8      | Reached XP level 8. HP: 64/64 MP: 8/8
  1743 | D:8      | Noticed a hungry ghost
  1749 | D:8      | Noticed Erica
  1798 | D:8      | Killed Erica
  1798 | D:8      | Reached skill level 14 in Axes
  1798 | D:8      | Reached XP level 9. HP: 65/70 MP: 9/9
  1937 | D:8      | Found Zejam Balaecw's Weapon Shoppe.
  2018 | D:9      | Reached skill level 15 in Axes
  2164 | D:10     | Entered Level 10 of the Dungeon
  2487 | D:10     | Reached skill level 16 in Axes
  2551 | D:10     | Reached XP level 10. HP: 67/78 MP: 10/10
  2947 | D:11     | Noticed a yaktaur
  2953 | D:11     | Noticed a skeletal warrior
  2953 | D:11     | Reached skill level 5 in Fighting
  2960 | D:11     | Noticed a red ugly thing
  3129 | D:11     | Found a portal to a secret trove of treasure.
  3133 | D:11     | Found Tuehal's Antique Armour Shoppe.
  3164 | D:11     | Reached skill level 5 in Armour
  3270 | D:11     | Killed an unseen horror
  3312 | D:11     | Noticed brucemayne's ghost (novice HOBe)
  3333 | D:11     | Killed brucemayne's ghost
  3333 | D:11     | Reached XP level 11. HP: 70/95 MP: 11/11
  3375 | D:11     | Noticed a death drake
  3376 | D:11     | a death drake changed into a boulder beetle
  3475 | D:13     | Reached skill level 17 in Axes
  3513 | D:12     | Found a staircase to the Orcish Mines.
  3556 | D:12     | Found a roughly hewn altar of Beogh.
  3602 | Orc:1    | Entered Level 1 of the Orcish Mines
  3610 | Orc:1    | Noticed Fannar
  3623 | Orc:1    | Killed Fannar
  3687 | Orc:1    | Acquired Trog's third power
  3825 | Orc:2    | Noticed Maurice
  3856 | Orc:1    | Noticed Gastronok
  3874 | Orc:1    | Noticed a soul eater
  3879 | Orc:1    | Killed Gastronok
  3879 | Orc:1    | Reached skill level 18 in Axes
  3926 | Orc:1    | Found Eshuevem's Armour Emporium.
  3971 | Orc:2    | Noticed an orc knight
  3975 | Orc:2    | Noticed Josephine
  3988 | Orc:2    | HP: 6/142 [orc knight/war axe (7)]
  3988 | Orc:2    | Demolished by an orc warrior

Vault maps used:
D:1:      roderic_crop_circles_arrival_small, minmay_gold_behind_fungi
D:2:      kennysheep_big_flooded_room, minmay_unequal
D:3:      portal_sewer_entry_a
D:4:      temple_hall, serial_shops, nicolae_shop_crystal,
          minmay_misc_feat_ornament, uniq_sigmund, uniq_duvessa
D:5:      first_bread, kennysheep_nub, kennysheep_diamond,
          grunt_ashenzari_visionary
D:6:      serial_shops, shop, grunt_dithmenos_smoke_and_mirrors
D:7:      yredelemnul_altar_generic, serial_shops,
          nicolae_shop_overgrown_old_shop, uniq_pikel
D:8:      serial_shops, kennysheep_little_box, nicolae_shop_behind_doors,
          grunt_pizzeria, hex_large, uniq_erica
D:9:      dragon1_lemuel, uniq_psyche
D:10:     uniq_nergalle
D:11:     grunt_lair_entry_elf_guard_hut, nicolae_trove_entry_free_sample,
          serial_shops, shop, minivault_28
D:12:     minmay_orc_entry_temple_small, minivault_16, minivault_8, uniq_erolcha
D:13:     cheibrodos_breeding_chamber, serial_bayou_crossing
Temple:   kilobyte_greek_temple_18
Orc:1:    serial_shops, shop, uniq_gastronok, uniq_fannar
Orc:2:    uniq_harold, uniq_josephine, uniq_maurice
Sewer:    sewer_co_cracked_pipes

Action                   |  1- 3 |  4- 6 |  7- 9 | 10-12 || total
-------------------------+-------+-------+-------+-------++-------
Melee: Hand axe          |   115 |    55 |   180 |       ||   350
       War axe           |       |       |     9 |   141 ||   150
       Battleaxe         |       |       |       |    75 ||    75
Invok: Berserk           |     2 |     2 |     9 |     7 ||    20
       Trog's Hand       |     2 |     1 |     4 |     6 ||    13
  Use: Potion            |       |     2 |     1 |       ||     3
       Scroll            |       |     5 |     5 |     1 ||    11
  Eat: Chunk             |       |     5 |     8 |     8 ||    21
       Bread ration      |       |       |     2 |       ||     2
       Meat ration       |       |       |       |     1 ||     1
